 Dungeon Sprint DCSS version 0.16-a0-3803-gd4b2de5 (webtiles) character file.

14 PolkaDot the Summoner (level 2, 0/19 HPs)
             Began as a Vampire Summoner on Jan 26, 2015.
             Was a Believer of Sif Muna.
             Slain by a necrophage (5 damage)
             ... in the Dungeon (Sprint V: "Ziggurat Sprint").
             The game lasted 00:01:14 (236 turns).

PolkaDot the Summoner (Vampire Summoner)             Turns: 236, Time: 00:01:15

Health: 0/19       AC:  2    Str:  7    XL:     2   Next: 27%
Magic:  3/10       EV: 12    Int: 35    God:    Sif Muna [**....]
Gold:   0          SH:  0    Dex: 14    Spells: 2 memorised, 2 levels left

rFire  . . .     SeeInvis +     A - +6 Majin-Bo {vamp, Archmagi MP+6 Int+6}
rCold  . . .     Clarity  .     a - +0 robe
rNeg   + . .     SustAb   .     (no shield)
rPois  .         Gourm    .     (no helmet)
rElec  .         Spirit   .     (no cloak)
rCorr  .         Warding  .     (no gloves)
rMut   .         NoTele   +     (no boots)
MR     .....                    (no amulet)
Stlth  +++.......               C - +6 ring of intelligence
                                B - +6 ring of intelligence

@: not resistant to hostile enchantments, fairly stealthy
A: bottle blood, fangs 3, see invisible, unbreathing
a: Channel Energy, Forget Spell, Renounce Religion


You were in the Dungeon.
You worshipped Sif Muna.
Sif Muna was pleased with you.
You were not thirsty.

You visited 1 branch

Inventory:

Hand weapons
 A - the +6 Majin-Bo (weapon) {vamp, Archmagi MP+6 Int+6}
   (You found it in the Dungeon)

   It inflicts no extra harm, but heals its wielder somewhat when it strikes a
   living foe.
   It affects your intelligence (+6).
   It affects your magic capacity (+6).
Armour
 a - a +0 robe (worn)
Jewellery
 B - a +6 ring of intelligence (left hand)
 C - a +6 ring of intelligence (right hand)
Magical devices
 w - a wand of cold (5)
 x - a wand of disintegration (7)
 y - a wand of draining (5)
 z - a wand of fire (5)
Scrolls
 i - 4 scrolls of blinking
 q - 4 scrolls of amnesia
 r - 3 scrolls of recharging
 s - 7 scrolls of fog
 t - 5 scrolls of identify
 u - 5 scrolls of remove curse
 v - 2 scrolls of fear
Potions
 d - 10 potions of curing
 e - 10 potions of heal wounds
 f - 6 potions of haste
 g - 7 potions of magic
 h - 3 potions of berserk rage
 j - 2 potions of brilliance
 k - 2 potions of invisibility
 l - 2 potions of restore abilities
 m - 4 potions of resistance
 o - 5 potions of agility
 p - 5 potions of might
Books
 b - a book of Callings

   Spells                             Type                      Level
   a - Summon Small Mammal            Summoning                    1
   b - Call Imp                       Summoning                    2
   c - Call Canine Familiar           Summoning                    3
   d - Summon Guardian Golem          Hexes/Summoning              4
   e - Summon Lightning Spire         Summoning/Air                4
   f - Summon Ice Beast               Ice/Summoning                4
Miscellaneous
 c - a phial of floods


   Skills:
 - Level 2.3 Dodging
 - Level 3.2 Stealth
 + Level 2.1 Spellcasting
 * Level 8.5 Summonings


You had 2 spell levels left.
You knew the following spells:

 Your Spells              Type           Power        Failure   Level  Hunger
s - Call Imp              Summ           #######.     1%          2    ##.....
z - Summon Small Mammal   Summ           ####         1%          1    None


Dungeon Overview and Level Annotations

Branches:
Dungeon (1/1)

Altars:
Ashenzari
Cheibriados
Dithmenos
Elyvilon
Fedhas
Gozag
Kikubaaqudgha
Makhleb
Nemelex Xobeh
Okawaru
Qazlal
Ru
Sif Muna
Trog
Vehumet
Xom
Yredelemnul
Zin
The Shining One
Beogh
Jiyva
Lugonu


Innate Abilities, Weirdness & Mutations

You can bottle blood from corpses.
You have razor-sharp teeth.
You have supernaturally acute eyesight.
You can survive without breathing.


Message History

You feel a surge of power!
* * * LOW HITPOINT WARNING * * *;
* * * LOW MAGIC WARNING * * *
Your shadow imp disappears in a puff of smoke!
The bat zombie hits you but does no damage.
Your quokka bites the bat zombie.
The bat zombie is destroyed!
Your white imp hits the necrophage but does no damage.
Your shadow imp hits the necrophage.
You closely miss the necrophage.
The necrophage is lightly damaged.
The necrophage hits you.
* * * LOW HITPOINT WARNING * * *
Your shadow imp hits the necrophage.
Your white imp closely misses the necrophage.
Your rat bites the necrophage.
You barely miss the necrophage.
The necrophage is moderately damaged.
Your quokka barely misses the necrophage.
The necrophage hits you.
You die...

▓▓▓▓▓▓▓▓▓▓▓▓▓
▓.8©8.▓.8©8.▓
▓.==:.▓.5...▓
▓..z..▓.55).▓
▓.....▓.....▓
▓.r...▓.....▓
▓.rn..▓.....▓
▓.5@5.▓▓▓▓▓▓▓
▓▓▓▓▓▓▓


You could see a necrophage, a wight, a friendly white imp, a friendly shadow
imp, a friendly quokka and a friendly rat.

Vanquished Creatures (collateral kills)
  An adder (D)
  A bat zombie (D)
  A ball python (D)
3 creatures vanquished.

Vanquished Creatures (others)
  Sigmund (D)
1 creature vanquished.

Grand Total: 4 creatures vanquished

Notes
Turn   | Place    | Note
--------------------------------------------------------------
     0 | D        | PolkaDot, the Vampire Summoner, began the quest for the Orb.
     0 | D        | Reached XP level 1. HP: 13/13 MP: 3/3
     0 | D        | Found a corrupted altar of Lugonu.
     0 | D        | Found a viscous altar of Jiyva.
     0 | D        | Found a white marble altar of Elyvilon.
     0 | D        | Found a burning altar of Makhleb.
     0 | D        | Found an iron altar of Okawaru.
     2 | D        | Found a sparkling altar of Nemelex Xobeh.
     2 | D        | Found a basalt altar of Yredelemnul.
     2 | D        | Found a deep blue altar of Sif Muna.
     2 | D        | Found a radiant altar of Vehumet.
     4 | D        | Killed Sigmund
     6 | D        | Found a bloodstained altar of Trog.
    28 | D        | Became a worshipper of Sif Muna the Loreminder
    32 | D        | Found a shimmering altar of Xom.
    34 | D        | Acquired Sif Muna's first power
    34 | D        | Acquired Sif Muna's second power
    34 | D        | Reached skill level 8 in Summonings
    34 | D        | Reached XP level 2. HP: 19/19 MP: 4/4
    38 | D        | Learned a level 2 spell: Call Imp
    77 | D        | Entered arena 1.
   229 | D        | Entered arena 2.
   229 | D        | Noticed a necrophage
   229 | D        | Noticed a wight
   236 | D        | Slain by a necrophage

Action                   || total
-------------------------++-------
Melee: Quarterstaff      ||     2
 Cast: Call Imp          ||     6
       Summon Small Mamm ||     5
  Use: Potion            ||     2
